 Dungeon Crawl Stone Soup version 0.19.0-1-g5985abe (webtiles) character file.

779968 varam the Wrestler (level 27, -2/291 HPs)
             Began as a Troll Fighter on Nov 1, 2016.
             Was the Champion of Zin.
             Slain by a Hell Sentinel (3 damage)
             ... while paralysed
             ... in Pandemonium on Nov 2, 2016.
             The game lasted 07:13:52 (82831 turns).

varam the Wrestler (Troll Fighter)                 Turns: 82831, Time: 07:13:54

Health: -2/291     AC: 30    Str: 35    XL:     27
Magic:  34/34      EV:  1    Int: 10    God:    Zin [******]
Gold:   4826       SH:  0    Dex: 18    Spells: 8 memorised, 12 levels left

rFire  + + +     SeeInvis .       - Unarmed
rCold  + + .     Gourm    +     i - +4 pearl dragon scales
rNeg   + + +     Faith    .     D - +3 large shield {reflect}
rPois  +         Spirit   .     e - +2 hat of Yrauv {MR+ rCorr Slay+2}
rElec  +         Reflect  +     p - +2 cloak "Idiyn" {*Drain rC+ rN+ Dex+2}
rCorr  +         Harm     .     (gloves unavailable)
MR     +++..                    (boots unavailable)
Stlth  ..........               f - amulet "Celaitr Sotz" {+Rage rF++}
                                u - ring "Oreetat" {rC+ rN+ Str+3 Int+2}
                                K - ring of Emale {rElec rPois rF+++ Int+4 Dex-2}

@: paralysed, exhausted, slowed, studying Evocations
A: unfitting armour, claws 3, fast metabolism 3, gourmand, regeneration 1,
shaggy fur 1, tough skin 2
a: Recite, Vitalisation, Imprison, Sanctuary, Donate Gold, Renounce Religion,
Evoke Berserk Rage
}: 5/15 runes: decaying, serpentine, slimy, silver, demonic


You were in Pandemonium.
You worshipped Zin.
Zin was exalted by your worship.
You were not hungry.

You visited 12 branches of the dungeon, and saw 54 of its levels.
You visited Pandemonium 2 times, and saw 5 of its levels.
You visited the Abyss 4 times.
You also visited: Labyrinth, Trove and Sewer.

You collected 10695 gold pieces.
You spent 2550 gold pieces at shops.
You donated 3319 gold pieces to Zin.

Inventory:

Missiles
 B - 7 steel javelins
 J - 121 large rocks (quivered)
 Y - 3 javelins of penetration
Armour
 e - the +2 hat of Yrauv (worn) {MR+ rCorr Slay+2}
   (Okawaru gifted it to you on level 9 of the Dungeon)

   It affects your accuracy and damage with ranged weapons and melee attacks
   (+2).
   It affects your resistance to hostile enchantments.
   It protects you from acid and corrosion.
 i - +4 pearl dragon scales (worn)
 p - the +2 cloak "Idiyn" (worn) {*Drain rC+ rN+ Dex+2}
   (You found it on level 4 of the Depths)

   It affects your dexterity (+2).
   It protects you from cold.
   It protects you from negative energy.
   It causes draining when unequipped.
 D - a +3 large shield of reflection (worn)
Rods
 H - a +8 lightning rod (12/12)
   (You found it on level 5 of the Pits of Slime)
Jewellery
 f - the amulet "Celaitr Sotz" (around neck) {+Rage rF++}
   (You acquired it on level 9 of the Dungeon)

   [amulet of rage]

   It greatly protects you from fire.
   It lets you go berserk.
 l - an uncursed amulet of regeneration
 u - the ring "Oreetat" (right claw) {rC+ rN+ Str+3 Int+2}
   (You bought it in a shop on level 2 of the Vaults)

   [ring of intelligence]

   It affects your strength (+3).
   It affects your intelligence (+2).
   It protects you from cold.
   It protects you from negative energy.
 K - the ring of Emale (left claw) {rElec rPois rF+++ Int+4 Dex-2}
   (You found it in a treasure trove)

   [ring of intelligence]

   It affects your intelligence (+4).
   It affects your dexterity (-2).
   It renders you almost immune to fire.
   It insulates you from electricity.
   It protects you from poison.
 O - the ring of Spring {+Fly Int+2 Dex+7}
   (You found it in a treasure trove)

   [ring of intelligence]

   It affects your intelligence (+2).
   It affects your dexterity (+7).
   It lets you fly.
 X - the ring of the Disturbing Ships {rElec rPois Str-3 Int+2 SInv}
   (You bought it in a shop on level 3 of the Snake Pit)

   [ring of poison resistance]

   It affects your strength (-3).
   It affects your intelligence (+2).
   It insulates you from electricity.
   It protects you from poison.
   It lets you see invisible.
Wands
 j - a wand of hasting (4/9)
 z - a wand of teleportation (7/9)
 A - a wand of heal wounds (8/9)
 T - a wand of digging (16/24)
Scrolls
 m - 30 scrolls of remove curse
 n - 5 scrolls of blinking
 o - 9 scrolls of fear
 q - 11 scrolls of fog
 v - 15 scrolls of teleportation
 L - 2 scrolls of summoning
 P - 7 scrolls of magic mapping
 U - 3 scrolls of holy word
Potions
 a - a potion of brilliance
 c - 6 potions of might
 h - 4 potions of agility
 s - 4 potions of heal wounds
 t - 22 potions of curing
Books
 d - a manual of Evocations
Miscellaneous
 k - a lamp of fire
 G - 4 phantom mirrors
 V - a phial of floods
 Z - a fan of gales
Comestibles
 b - a bread ration
 g - 14 beef jerkies
 r - a meat ration


   Skills:
 - Level 20.2 Fighting
 - Level 10.1 Throwing
 - Level 17.4 Armour
 - Level 9.8 Dodging
 - Level 18.0 Shields
 - Level 26.0 Unarmed Combat
 - Level 2.7 Spellcasting
 - Level 8.9 Charms
 - Level 11.2 Translocations
 - Level 1.2 Earth Magic
 + Level 16.0 Invocations
 + Level 8.3 Evocations


You had 12 spell levels left.
You knew the following spells:

 Your Spells              Type           Power        Failure   Level  Hunger
a - Blink                 Tloc           N/A          1%          2    ###....
b - Lesser Beckoning      Tloc           ###.......   1%          3    ####...
d - Passwall              Tmut/Erth      #.........   65%         2    ###....
e - Shroud of Golubria    Chrm/Tloc      ###.......   1%          2    ###....
f - Passage of Golubria   Tloc           N/A          6%          4    #####..
g - Apportation           Tloc           ###.......   1%          1    ##.....
r - Portal Projectile     Tloc           ###...       1%          3    ####...
z - Song of Slaying       Chrm           ###.....     1%          2    ###....


Dungeon Overview and Level Annotations

Branches:
Dungeon (15/15)            Temple (1/1) D:6            Lair (6/6) D:9
  Swamp (4/4) Lair:2        Snake (4/4) Lair:3        Slime (5/5) Lair:6
    Orc (2/2) D:9             Elf (3/3) Orc:2        Vaults (5/5) D:14
  Crypt (0/3) Vaults:3     Depths (5/5) D:15           Hell (1/1)
    Dis (0/7) Hell            Geh (0/7) Hell            Coc (0/7) Hell
    Tar (0/7) Hell            Zot (3/5) Depths:5

Altars:
Ashenzari
Dithmenos
Elyvilon
Gozag
Kikubaaqudgha
Makhleb
Okawaru
Ru
Sif Muna
Trog
Uskayaw
Vehumet
Xom
Yredelemnul
Zin
Beogh
Jiyva

Shops:
D:7 :   D:10 [   D:11 (   Orc:2 ![:[   Elf:2 ==?   Snake:2 %   Snake:3 =*
Snake:4 :([=   Vaults:2 =   Vaults:5 *   Depths:2 *[!%

Portals:
Hell: Lair:6 Depths:1 Depths:2 Depths:3 Depths:4 Depths:5
Abyss: Depths:2 Depths:3 Depths:4 Depths:5
Pandemonium: Depths:1 Depths:3
Ziggurat: Depths:4

Annotations:
D:9 1 runed door
D:14 exclusion: Roxanne, Roxanne


Innate Abilities, Weirdness & Mutations

You are too large for most types of armour.
You have claws for hands.
Your metabolism is lightning-fast.
You like to eat raw meat.
Your natural rate of healing is unusually fast.
You are covered in fur. (AC +1)
You have very tough skin. (AC +2)


Message History

The infernal blood saint hits you but does no damage.
The ufetubus hits you but does no damage. x2
The hellwing hits you but does no damage. x2
The Hell Sentinel hits you!!!
* * * LOW HITPOINT WARNING * * *
The Hell Sentinel hits you!
* * * LOW HITPOINT WARNING * * *
The ufetubus hits you but does no damage.
The ufetubus hits you.
* * * LOW HITPOINT WARNING * * *
The ufetubus hits you but does no damage. x2
The infernal blood saint completely misses you.
The orange demon stings you but does no damage.
The hellwing hits you.
* * * LOW HITPOINT WARNING * * *
The hellwing hits you but does no damage.
The Hell Sentinel hits you!
* * * LOW HITPOINT WARNING * * *
The Hell Sentinel hits you.
You die...

.# .. ## ..##'##. .'.....
#..... ########### #.....
#..#.[....# .. #.....
#..###[#######'####.....
##'##..#646@4.#.......'.....
.......†.5155##......#####'#
.......#.5355#......##..#...
.......#....##.....##..##...
.......#....'.....##...'....
......###..##....##...###...
.....##.##.#....##....#.#'#.
....##...####'###....##...##
#'####.....#.....'....'......


You could see a Hell Sentinel, a torturous corrupter, an infernal blood saint,
an orange demon, a hellwing, a ynoxinul and 6 ufetubi.

Vanquished Creatures
  the Royal Jelly (Slime:5)
  2 ancient liches
  Mara (Swamp:4)
  Xtahua (Vaults:3)
  Margery (Depths:4)
  Vashnia (Snake:2)
  A caustic shrike (shapeshifter) (Vaults:5)
  Geryon (Hell)
  3 golden dragons
  Jory (Depths:3)
  The ghost of slayr the Slayer, an adept DsAK of Lugonu (Depths:3)
  2 profane servitors
  2 pandemonium lords (Pan)
  A Brimstone Fiend (Pan)
  An electric golem (Zot:2)
  3 bone dragons
  14 tentacled monstrosities
  6 liches
  2 hellephants
  The ghost of syranez the Executioner, an adept DrBe of Trog (Elf:2)
  Rupert (Lair:3)
  A Hell Sentinel (Pan)
  An Ice Fiend (Pan)
  3 deep elf master archers
  9 titans
  3 quicksilver dragons
  7 deep elf blademasters
  29 acid blobs
  23 tentacled starspawn
  2 death cobs
  Murray (Depths:2)
  An ancient champion (Vaults:3)
  Frances (Snake:1)
  A kraken (Abyss:4)
  3 Executioners
  7 shadow dragons
  A shadow dragon (shapeshifter) (Vaults:5)
  3 sphinxes (Vaults:5)
  2 thorn hunters
  A tengu reaver (Vaults:5)
  4 storm dragons
  Donald (Snake:2)
  2 draconian monks
  18 azure jellies
  9 nagarajas
  20 fire giants
  Aizul (Vaults:2)
  2 daevas
  4 draconian scorchers
  A ghost moth (Abyss:4)
  9 deep elf sorcerers
  2 iron dragons
  2 balrugs
  4 warmongers (Pan)
  29 frost giants
  15 vault wardens
  A draconian knight (Zot:2)
  2 deep elf elementalists
  4 black suns (Pan)
  21 ironheart preservers
  2 draconian zealots
  2 orc warlords (Depths:2)
  8 cacodemons
  3 spriggan defenders
  A draconian shifter (Zot:2)
  An angel (Abyss:4)
  A curse skull (Depths:2)
  2 war gargoyles
  2 draconian annihilators
  An ophan (Abyss:3)
  4 blood saints (Pan)
  27 very ugly things
  36 stone giants
  17 reapers
  2 vampire knights
  5 corrupters (Pan)
  2 entropy weavers
  7 deep elf demonologists
  Azrael (Orc:2)
  3 green draconians
  4 white draconians
  13 lorocyprocas
  6 black draconians
  13 deep elf annihilators
  81 large abominations
  7 red draconians
  7 spark wasps
  2 eidola
  The ghost of aggelon the Brawler, a journeyman TrBe of Trog (D:9)
  4 purple draconians
  4 yellow draconians
  4 mottled draconians
  A merfolk javelineer (Depths:4)
  15 ettins
  6 deep elf death magi
  A merfolk impaler (Depths:5)
  13 fire dragons
  10 death oozes
  A minotaur (Lab)
  14 blizzard demons
  12 green deaths
  Josephine (Lair:5)
  20 yaktaur captains
  2 quicksilver dragon zombies
  The ghost of Chiseanne the Cleaver, a journeyman MiBe of Trog (Orc:2)
  Snorg (D:14)
  15 great orbs of eyes
  36 hydras
  5 deep elf high priests
  Erolcha (Orc:2)
  36 vault guards
  6 monstrous demonspawn (Pan)
  13 naga warriors
  16 rakshasas
  Fannar (Lair:3)
  6 ghost crabs
  13 ice dragons
  4 spriggan air magi
  A death knight (Vaults:2)
  17 anacondas
  3 catoblepae
  9 alligators
  3 hell beasts (Pan)
  2 juggernaut simulacra (Pan)
  11 centaur warriors
  17 ogre magi
  5 deep troll earth magi
  9 death yaks (Lair:5)
  10 deep troll shamans
  4 vampire magi
  An orc high priest (Orc:1)
  7 spriggan berserkers
  25 dancing weapons
  2 tengu warriors (Depths:3)
  13 soul eaters
  42 thrashing horrors
  3 hell hogs (Depths:2)
  17 naga sharpshooters
  2 shadow wraiths
  A storm dragon zombie (Abyss:3)
  4 shock serpents
  Sonja (Lair:3)
  30 sun demons
  A fire crab (shapeshifter) (Depths:1)
  Nergalle (Lair:4)
  29 deep elf knights
  39 wretched stars
  6 iron trolls
  2 fire crabs
  A flayed ghost (Vaults:2)
  A golden dragon zombie (Abyss:3)
  4 unseen horrors
  17 sixfirhies
  7 spatial maelstroms
  3 quicksilver dragon simulacra
  34 hell knights
  2 salamander mystics (Snake:3)
  11 sea snakes (Snake:4)
  6 shadow demons
  A spark wasp zombie (Hell)
  5 torturous demonspawn (Pan)
  36 deep trolls
  A deep troll (shapeshifter) (Abyss:3)
  2 shadow dragon zombies
  9 swamp dragons
  5 spriggan druids
  7 wizards
  4 gelid demonspawn
  8 naga ritualists
  5 shambling mangroves
  29 deep elf archers
  An infernal demonspawn (Pan)
  Pikel (D:4)
  An anaconda skeleton (Hell)
  2 phantasmal warriors (Vaults:5)
  6 glowing orange brains
  7 hill giants
  An obsidian statue (Vaults:2)
  83 deep elf magi
  13 ironbrand convokers
  A lindwurm (shapeshifter) (Depths:3)
  A wolf spider zombie (D:13)
  9 necromancers
  14 orc knights
  An orb spider (Abyss:4)
  9 mana vipers
  A cyclops (shapeshifter) (Depths:2)
  A fire giant zombie (Hell)
  A manticore (shapeshifter) (Vaults:1)
  2 manticores
  12 orc sorcerers
  A mana viper (shapeshifter) (Vaults:5)
  A frost giant zombie (Hell)
  34 ugly things
  A salamander (shapeshifter) (Vaults:5)
  12 shining eyes
  An iron dragon zombie (Abyss:3)
  A stone giant zombie (Hell)
  8 worldbinders
  16 elephants
  2 oklob plants
  6 wolf spiders
  10 cyclopes
  6 salamanders
  16 vault sentinels
  6 rust devils
  6 moths of wrath
  34 black mambas
  A frost giant skeleton (Abyss:4)
  5 ice statues (Pan)
  4 molten gargoyles (D:13)
  6 eyes of devastation
  Joseph (D:8)
  12 apocalypse crabs
  8 guardian serpents
  2 guardian serpents (shapeshifter)
  Psyche (D:8)
  37 smoke demons
  2 black mambas (shapeshifter)
  A spiny frog (shapeshifter) (Vaults:5)
  15 naga magi
  22 orange demons
  3 gargoyles
  22 spiny frogs
  2 yaktaur zombies (Hell)
  2 yaktaurs (shapeshifter)
  A redback zombie (D:15)
  5 demonic crawlers
  7 komodo dragons
  71 yaktaurs
  A komodo dragon (shapeshifter) (Abyss:4)
  An anaconda simulacrum (Abyss:4)
  6 efreet
  11 freezing wraiths
  4 kobold demonologists
  3 rime drakes
  5 tormentors
  11 ice devils
  2 hydra zombies (Hell)
  A golden dragon simulacrum (Abyss:1)
  6 red devils
  3 tengu conjurers
  62 small abominations
  A shadow dragon simulacrum (Abyss:4)
  12 hellwings (Pan)
  27 ancient zymes
  A polar bear (shapeshifter) (Vaults:3)
  6 trolls
  18 two-headed ogres
  A queen bee (shapeshifter) (Vaults:2)
  A two-headed ogre (shapeshifter) (Depths:3)
  3 meliai (D:15)
  2 trolls (shapeshifter)
  A polar bear (Lair:2)
  6 tyrant leeches
  2 hornets (shapeshifter) (Abyss:4)
  A fire dragon zombie (Hell)
  21 hornets
  5 bog bodies
  A hippogriff (shapeshifter) (Vaults:5)
  144 slime creatures
  2 deep troll zombies (Hell)
  An ice dragon zombie (Hell)
  61 raiju
  11 hippogriffs
  A meliai zombie (D:15)
  14 blink frogs
  A frost giant simulacrum (Vaults:1)
  A hydra skeleton (Hell)
  A stone giant simulacrum (Vaults:1)
  The ghost of aimeelou the Digger, an amateur FoEE of Hepliaklqana (D:5)
  5 air elementals
  9 vampires
  An ettin skeleton (Abyss:2)
  7 shadows
  12 wraiths
  8 flying skulls
  7 redbacks
  17 spriggans
  A tarantella (shapeshifter) (D:15)
  13 water elementals
  11 yaks
  5 wyverns
  17 ynoxinuls
  14 fire elementals
  2 fire bats (Abyss:1)
  A yak (shapeshifter) (Depths:3)
  A golden eye (shapeshifter) (Elf:2)
  2 humans (Depths:2)
  34 chaos spawn
  8 golden eyes
  A hog (shapeshifter) (Depths:2)
  4 hungry ghosts
  7 basilisks
  40 neqoxecs
  21 vampire mosquitoes
  50 nagas
  A swamp worm (shapeshifter) (Elf:3)
  10 wargs
  10 insubstantial wisps
  2 soldier ants
  2 mottled dragons
  3 spatial vortices
  30 swamp worms
  A floating eye (shapeshifter) (Vaults:4)
  20 hell hounds
  2 spiny frog zombies (Hell)
  8 water moccasins
  A floating eye (Slime:5)
  13 porcupines
  4 ice beasts
  17 swamp drakes
  4 sky beasts
  2 spiny frog skeletons (Hell)
  A hornet zombie (D:15)
  31 orc warriors
  An alligator simulacrum (Hell)
  A necrophage (D:14)
  A slave (D:4)
  3 black bears
  An eye of draining (shapeshifter) (Vaults:1)
  17 wolves
  2 phantoms
  8 eyes of draining
  9 boggarts
  A snapping turtle zombie (Abyss:3)
  65 ogres
  7 centaurs
  A crocodile (shapeshifter) (Depths:2)
  5 big kobolds
  12 crocodiles
  A merfolk simulacrum (Abyss:4)
  30 bullfrogs
  7 earth elementals
  3 wyvern skeletons
  2 scorpions
  13 killer bees
  9 wights
  A howler monkey (D:5)
  3 electric eels
  19 crimson imps
  175 starcursed masses
  6 lava snakes
  8 quasits
  3 centaur zombies
  13 iron imps
  5 hounds
  15 jellies
  14 orc priests
  2 bullfrog skeletons
  43 orc wizards
  10 centaur skeletons
  Jessica (D:3)
  4 iguanas
  4 hell rats
  15 worker ants
  Terence (D:2)
  2 spectral hounds (Depths:2)
  2 hound skeletons (D:9)
  3 gnolls
  2 worker ant zombies
  15 adders
  A howler monkey skeleton (D:4)
  3 river rats
  4 shadow imps
  25 white imps
  7 ufetubi
  13 oozes
  An adder zombie (D:9)
  2 adder skeletons
  3 worms
  2 dart slugs
  8 leopard geckos
  85 orcs
  14 ball pythons
  6 bats
  16 giant cockroaches
  11 goblins
  11 hobgoblins
  10 jackals
  23 kobolds
  2 quokkas
  17 frilled lizards
  A quokka zombie (D:5)
  14 rats
  A briar patch (Swamp:4)
  A bush (Abyss:2)
  A crawling corpse (Vaults:5)
  A fungus (Lair:4)
  A lurking horror (Abyss:4)
  17 starspawn tentacles
3682 creatures vanquished.

Vanquished Creatures (collateral kills)
  A wretched star (Abyss:4)
  An orc sorcerer (Orc:2)
2 creatures vanquished.

Vanquished Creatures (others)
  An ancient lich (Vaults:5)
  A pandemonium lord (Pan)
  2 deep elf master archers
  A tengu reaver (Vaults:5)
  A stone giant (Depths:1)
  A purple draconian (Zot:2)
  4 yaktaur captains
  A deep elf high priest (Vaults:5)
  A naga warrior (Snake:4)
  A tengu warrior (Depths:1)
  3 naga sharpshooters
  A thrashing horror (Abyss:4)
  A wretched star (Abyss:3)
  A deep elf knight (Elf:1)
  3 deep elf archers
  2 deep elf magi (Elf:1)
  A necromancer (Hell)
  2 vault sentinels
  14 yaktaurs
  An efreet (Abyss:3)
  An ancient zyme (Abyss:3)
  A hornet (Swamp:2)
  A spriggan (Swamp:2)
  A golden eye (Abyss:4)
  A hydra simulacrum (Abyss:4)
  An ogre (Vaults:4)
  A centaur (D:13)
  3 small abominations
  An orc wizard (Orc:2)
  3 orcs
  A giant cockroach (D:4)
  A ball python (D:4)
  A briar patch (Swamp:4)
  A bush (Abyss:4)
  A crawling corpse (Elf:3)
  3 demonic plants (Pan)
  8 fungi
  6 lurking horrors
  A pillar of salt (Pan)
  34 plants
  41 starspawn tentacles
  4 tentacles (Abyss:4)
159 creatures vanquished.

Grand Total: 3843 creatures vanquished

Notes
Turn   | Place    | Note
-------+----------+-------------------------------------------
     0 | D:1      | varam the Troll Fighter began the quest for the Orb.
     0 | D:1      | Reached XP level 1. HP: 22/22 MP: 0/0
   147 | D:1      | Reached XP level 2. HP: 29/29 MP: 1/1
   630 | D:1      | Reached skill level 3 in Unarmed Combat
   715 | D:1      | Reached XP level 3. HP: 35/36 MP: 2/2
  1251 | D:2      | Reached skill level 3 in Shields
  1262 | D:2      | Noticed Terence
  1267 | D:2      | Killed Terence
  1267 | D:2      | Reached XP level 4. HP: 44/44 MP: 3/3
  1591 | D:3      | Found a hide-covered altar of Uskayaw.
  1597 | D:3      | Noticed a hand axe
  1597 | D:3      | Noticed a hand axe
  1817 | D:3      | Noticed Jessica
  1825 | D:3      | Killed Jessica
  1825 | D:3      | Reached skill level 4 in Unarmed Combat
  1906 | D:3      | Reached XP level 5. HP: 50/50 MP: 4/4
  2337 | D:4      | Noticed an ogre
  2435 | D:4      | Found a glowing drain.
  2462 | Sewer    | Entered a sewer
  2611 | Sewer    | Reached skill level 4 in Shields
  2695 | Sewer    | Reached XP level 6. HP: 59/59 MP: 5/5
  2727 | Sewer    | Reached skill level 5 in Unarmed Combat
  2859 | D:4      | Noticed a slave
  2866 | D:5      | Entered Level 5 of the Dungeon
  2874 | D:5      | Noticed aimeelou's ghost (amateur FoEE)
  2899 | D:4      | Reached XP level 7. HP: 66/66 MP: 6/6
  2960 | D:4      | Reached skill level 5 in Shields
  2960 | D:4      | Reached skill level 6 in Unarmed Combat
  2993 | D:4      | Noticed Pikel
  3025 | D:4      | Killed Pikel
  3025 | D:4      | Reached skill level 6 in Shields
  3025 | D:4      | Reached skill level 7 in Unarmed Combat
  3025 | D:4      | Reached XP level 8. HP: 74/74 MP: 7/7
  3430 | D:5      | Killed aimeelou's ghost
  3574 | D:5      | Found a shadowy altar of Dithmenos.
  3623 | D:5      | Reached skill level 8 in Unarmed Combat
  3949 | D:5      | Reached skill level 7 in Shields
  4060 | D:6      | Found a staircase to the Ecumenical Temple.
  4064 | Temple   | Entered the Ecumenical Temple
  4077 | Temple   | Became a worshipper of Warmaster Okawaru
  4199 | D:6      | Found a sacrificial altar of Ru.
  4223 | D:6      | Reached skill level 1 in Throwing
  4646 | D:7      | Reached XP level 9. HP: 78/80 MP: 8/8
  4679 | D:6      | Reached skill level 2 in Throwing
  4685 | D:6      | Reached * piety under Okawaru
  4689 | D:6      | Gained mutation: Scrolls take you a little longer to read. [mutagenic meat]
  4690 | D:6      | Gained mutation: You are agile. (Dex +2) [mutagenic meat]
  4765 | D:7      | Found a shimmering altar of Xom.
  4781 | D:7      | Reached skill level 3 in Throwing
  4781 | D:7      | Reached skill level 8 in Shields
  4790 | D:7      | Gained mutation: You can translocate small distances at will. [mutagenic meat]
  4798 | D:7      | Gained mutation: You have a pair of small horns on your head. [mutagenic meat]
  4799 | D:7      | Gained mutation: Your mind is acute. (Int +2) [mutagenic meat]
  4800 | D:7      | Gained mutation: You are robust. (+10% HP) [mutagenic meat]
  4801 | D:7      | Lost mutation: You are robust. (+10% HP) [mutagenic meat]
  4919 | D:7      | Found Urenaac's Book Boutique.
  5034 | D:7      | Found an ancient bone altar of Kikubaaqudgha.
  5157 | D:7      | Reached skill level 3 in Fighting
  5299 | D:8      | Reached skill level 9 in Unarmed Combat
  5307 | D:8      | Reached ** piety under Okawaru
  5449 | D:8      | Noticed Joseph
  5534 | D:8      | Killed Joseph
  5598 | D:8      | Noticed a hill giant
  5611 | D:8      | Killed a hill giant
  5611 | D:8      | Reached *** piety under Okawaru
  5611 | D:8      | Reached skill level 4 in Fighting
  5611 | D:8      | Reached XP level 10. HP: 80/92 MP: 6/9
  5640 | D:8      | Noticed Psyche
  5651 | D:8      | Killed Psyche
  5697 | D:8      | Reached skill level 10 in Unarmed Combat
  6052 | D:9      | Noticed aggelon's ghost (journeyman TrBe)
  6333 | D:8      | Reached **** piety under Okawaru
  6403 | D:9      | Reached skill level 9 in Shields
  6432 | D:9      | Reached skill level 5 in Fighting
  6452 | D:9      | Reached skill level 1 in Armour
  6475 | D:9      | Found a staircase to the Orcish Mines.
  6638 | D:8      | Reached skill level 1 in Invocations
  6748 | D:9      | Reached skill level 11 in Unarmed Combat
  6756 | D:9      | Killed an unseen horror
  6756 | D:9      | Reached ***** piety under Okawaru
  6779 | D:9      | Identified the Tome of the Rocks and Orientation
  6809 | D:9      | Received a gift from Okawaru
  6809 | D:9      | Reached skill level 3 in Dodging
  6809 | D:9      | Reached XP level 11. HP: 95/104 MP: 11/11
  6829 | D:10     | Entered Level 10 of the Dungeon
  6922 | D:9      | Found a staircase to the Lair.
  6940 | D:10     | Reached skill level 2 in Armour
  7220 | D:10     | Found Hirghuroi's Armour Shop.
  7308 | D:10     | Reached skill level 2 in Invocations
  7363 | D:10     | Received a gift from Okawaru
  7876 | D:11     | Noticed a purple ugly thing
  8201 | D:9      | Killed aggelon's ghost
  8201 | D:9      | Received a gift from Okawaru
  8202 | D:9      | Got a warped hat {god gift}
  8208 | D:9      | Identified the +2 hat of Yrauv {MR+ rCorr Slay+2} (Okawaru gifted it to you on level 9 of the Dungeon)
  8208 | D:9      | Lost mutation: Scrolls take you a little longer to read. [potion of mutation]
  8208 | D:9      | Lost mutation: You can translocate small distances at will. [potion of mutation]
  8208 | D:9      | Lost mutation: You are agile. (Dex +2) [potion of mutation]
  8209 | D:9      | Lost mutation: You have a pair of small horns on your head. [potion of mutation]
  8209 | D:9      | Gained mutation: You are resistant to hostile enchantments. (MR+) [potion of mutation]
  8440 | D:9      | Found a glowing silver altar of Zin.
  8446 | D:9      | Noticed an angel
  8447 | D:9      | Found a runed door.
  8638 | D:9      | Reached skill level 3 in Armour
  8655 | D:9      | Reached skill level 3 in Invocations
  8947 | D:11     | Reached skill level 12 in Unarmed Combat
  8995 | D:11     | Reached skill level 6 in Fighting
  9150 | D:11     | Noticed a hill giant
  9154 | D:11     | Killed a hill giant
  9216 | D:11     | Found Ydycvuymn's Antique Weapon Boutique.
  9540 | D:11     | Killed a purple ugly thing
  9540 | D:11     | Reached skill level 4 in Armour
  9884 | D:12     | Gained mutation: You are highly resistant to hostile enchantments. (MR++) [mutagenic meat]
  9885 | D:12     | Gained mutation: Your muscles are strong. (Str +2) [mutagenic meat]
  9918 | D:12     | Found an opulent altar of Gozag.
  9985 | D:12     | Reached skill level 4 in Invocations
 10051 | D:12     | Noticed a purple ugly thing
 10062 | D:12     | Killed a purple ugly thing
 10239 | D:12     | Noticed a cyan ugly thing
 10252 | D:11     | Killed a cyan ugly thing
 10252 | D:11     | Reached XP level 12. HP: 82/115 MP: 14/14
 10308 | D:12     | Reached skill level 5 in Armour
 10405 | D:12     | Received a gift from Okawaru
 10804 | D:13     | Got a bloodstained hand crossbow
 10805 | D:13     | Identified the cursed +1 hand crossbow "Motizxi" {freeze, Dex+7} (You found it on level 13 of the Dungeon)
 10921 | D:13     | Reached skill level 5 in Invocations
 10924 | D:13     | Reached skill level 7 in Fighting
 10924 | D:13     | Reached skill level 6 in Armour
 11006 | D:13     | Noticed a centaur warrior
 11414 | D:13     | Noticed a centaur warrior
 11424 | D:13     | Killed a centaur warrior
 11778 | D:14     | Noticed an eight-headed hydra
 11790 | D:13     | Killed an eight-headed hydra
 11790 | D:13     | Reached skill level 7 in Armour
 11790 | D:13     | Reached skill level 13 in Unarmed Combat
 11983 | D:14     | Noticed a centaur warrior
 11998 | D:14     | Found a white marble altar of Elyvilon.
 12015 | D:14     | Killed a centaur warrior
 12023 | D:14     | Reached skill level 6 in Invocations
 12256 | Lair:1   | Entered Level 1 of the Lair of Beasts
 12630 | Lair:1   | Received a gift from Okawaru
 12630 | Lair:1   | Reached XP level 13. HP: 126/126 MP: 16/16
 13261 | Lair:2   | Found a staircase to the Swamp.
 13447 | Lair:2   | Received a gift from Okawaru
 14217 | Lair:3   | Reached skill level 8 in Armour
 14283 | Lair:3   | Noticed Fannar
 14290 | Lair:3   | Killed Fannar
 14327 | Lair:3   | Noticed Rupert
 14357 | Lair:3   | Killed Rupert
 14401 | Lair:3   | Found a staircase to the Snake Pit.
 14407 | Lair:3   | Reached skill level 8 in Fighting
 14523 | Lair:3   | Noticed Sonja
 14569 | Lair:4   | Noticed Nergalle
 14575 | Lair:4   | Killed Nergalle
 14727 | Lair:4   | Reached skill level 7 in Invocations
 14792 | Lair:4   | Found a labyrinth entrance.
 14808 | Lab      | Entered a labyrinth
 15009 | Lab      | Noticed a minotaur
 15016 | Lab      | Killed a minotaur
 15028 | Lab      | Got a shimmering fustibalus
 15033 | Lair:4   | Identified the +9 fustibalus "Imeogixy" {velocity, Dex+4} (You found it in a labyrinth)
 15406 | Lair:4   | Received a gift from Okawaru
 15406 | Lair:4   | Reached skill level 9 in Armour
 16366 | Lair:6   | Entered Level 6 of the Lair of Beasts
 16454 | Lair:6   | Found a staircase to the Slime Pits.
 16471 | Lair:6   | Reached XP level 14. HP: 62/137 MP: 18/18
 16473 | Lair:6   | Found a viscous altar of Jiyva.
 16679 | Lair:6   | Reached skill level 14 in Unarmed Combat
 16708 | Lair:6   | Reached skill level 10 in Armour
 16759 | Lair:6   | Noticed Josephine
 16776 | Lair:5   | Killed Josephine
 16835 | Lair:6   | Identified 3 scrolls of acquirement
 16897 | Lair:5   | Reached skill level 8 in Invocations
 16949 | Lair:5   | Received a gift from Okawaru
 17078 | Lair:5   | Reached skill level 4 in Throwing
 17085 | Lair:5   | Reached skill level 9 in Fighting
 17382 | Lair:6   | Received a gift from Okawaru
 17561 | Lair:6   | Reached skill level 5 in Throwing
 17563 | Lair:6   | Reached ****** piety under Okawaru
 17638 | Lair:6   | Found a burning altar of Makhleb.
 17827 | Lair:6   | Found a gateway to Hell.
 17947 | Lair:6   | Found an iron altar of Okawaru.
 17958 | Lair:6   | Received a gift from Okawaru
 17965 | Lair:6   | Got a translucent giant club {god gift}
 17971 | Lair:6   | Identified the +4 giant club of Gallantry {venom, rElec} (Okawaru gifted it to you on level 6 of the Lair of Beasts)
 18083 | Lair:6   | Reached skill level 6 in Throwing
 18495 | D:9      | Learned a level 3 spell: Portal Projectile
 18568 | Orc:1    | Entered Level 1 of the Orcish Mines
 18742 | Orc:2    | Entered Level 2 of the Orcish Mines
 18754 | Orc:2    | Noticed Chiseanne's ghost (journeyman MiBe)
 18768 | Orc:1    | Reached XP level 15. HP: 121/149 MP: 20/20
 18852 | Orc:2    | Killed Chiseanne's ghost
 18856 | Orc:2    | Reached skill level 10 in Fighting
 19206 | Orc:2    | Found a staircase to the Elven Halls.
 19208 | Orc:2    | Noticed Azrael
 19257 | Orc:1    | Reached skill level 15 in Unarmed Combat
 20308 | D:9      | Got a steaming silver amulet
 20452 | Orc:2    | Killed Azrael
 20457 | Orc:2    | Reached skill level 1 in Evocations
 20682 | Orc:2    | Found Laommestig's Distillery.
 20733 | Orc:2    | Found a radiant altar of Vehumet.
 20735 | Orc:2    | Noticed Erolcha
 20738 | Orc:2    | Killed Erolcha
 20743 | Orc:2    | Received a gift from Okawaru
 20758 | Orc:2    | Reached skill level 2 in Evocations
 20768 | Orc:2    | Reached skill level 4 in Dodging
 20772 | Orc:2    | Found a roughly hewn altar of Beogh.
 20777 | Orc:2    | Received a gift from Okawaru
 20794 | Orc:2    | Found Nefits's Antique Armour Shop.
 20815 | Orc:2    | Found an ancient bone altar of Kikubaaqudgha.
 20835 | Orc:2    | Found Vycidoalio's Antique Armour Shop.
 20855 | Orc:2    | Bought a faintly glowing cloak for 285 gold pieces
 20865 | Orc:2    | Identified the +0 cloak of Muffamuk {+Blink} (You bought it in a shop on level 2 of the Orcish Mines)
 20929 | Orc:2    | Found Jyenwesasm's Book Boutique.
 21070 | Orc:2    | Bought 2 potions of might for 128 gold pieces
 21070 | Orc:2    | Bought a potion of curing for 48 gold pieces
 21070 | Orc:2    | Bought a potion of curing for 48 gold pieces
 21488 | D:14     | Reached skill level 3 in Evocations
 21627 | D:14     | Reached skill level 5 in Dodging
 21637 | D:14     | Noticed Roxanne
 21932 | D:14     | Noticed Snorg
 21941 | D:14     | Killed Snorg
 21941 | D:14     | Received a gift from Okawaru
 22242 | D:14     | Reached skill level 4 in Evocations
 22255 | D:14     | Identified a +4 rod of ignition (9/9) (You took it off a centaur on level 14 of the Dungeon)
 22298 | D:14     | Identified Exiot's Compendium of the Enchanting Compass
 22312 | D:14     | Found a gate to the Vaults.
 22391 | D:15     | Entered Level 15 of the Dungeon
 22468 | D:15     | Noticed a fire giant
 22498 | D:15     | Reached skill level 6 in Dodging
 22515 | D:15     | Found a staircase to the Depths.
 22523 | D:15     | Killed a fire giant
 22523 | D:15     | Received a gift from Okawaru
 22679 | D:15     | Reached skill level 5 in Evocations
 22882 | D:15     | Reached skill level 1 in Translocations
 23277 | D:15     | Reached skill level 7 in Dodging
 23499 | Depths:1 | Entered Level 1 of the Depths
 23512 | Depths:1 | Reached skill level 2 in Translocations
 23654 | Depths:1 | Received a gift from Okawaru
 23750 | Depths:1 | Reached XP level 16. HP: 125/158 MP: 18/21
 23775 | Depths:1 | Reached skill level 3 in Translocations
 23967 | Depths:1 | Reached skill level 8 in Dodging
 24244 | Snake:1  | Entered Level 1 of the Snake Pit
 24304 | Lair:3   | Killed Sonja
 24304 | Lair:3   | Reached skill level 4 in Translocations
 24318 | Lair:3   | Identified the amulet "Celaitr Sotz" {+Rage rF++} (You acquired it on level 9 of the Dungeon)
 24486 | Swamp:1  | Entered Level 1 of the Swamp
 25422 | Swamp:1  | Reached skill level 5 in Translocations
 25614 | Swamp:2  | Noticed a thorn hunter
 25841 | Swamp:2  | Received a gift from Okawaru
 25900 | Swamp:2  | Reached skill level 9 in Dodging
 26406 | Swamp:2  | Killed a thorn hunter
 28098 | Swamp:4  | Entered Level 4 of the Swamp
 28125 | Swamp:4  | Reached skill level 10 in Shields
 28125 | Swamp:4  | Reached XP level 17. HP: 161/166 MP: 22/22
 28425 | Swamp:4  | Noticed Mara
 28459 | Swamp:4  | Noticed varam's illusion
 28694 | Swamp:4  | Noticed varam's illusion
 29122 | Snake:1  | Noticed Frances
 29131 | Snake:1  | Killed Frances
 29243 | Lair:3   | Reached skill level 16 in Unarmed Combat
 29685 | Snake:1  | Received a gift from Okawaru
 30325 | Snake:2  | Received a gift from Okawaru
 30451 | Snake:2  | Noticed Vashnia
 30495 | Snake:2  | Killed Vashnia
 30495 | Snake:2  | Reached skill level 11 in Armour
 30823 | Snake:2  | Found Peennos's Food Shop.
 30823 | Snake:2  | Noticed Donald
 30831 | Snake:2  | Killed Donald
 30915 | Snake:2  | Reached skill level 11 in Shields
 31609 | Snake:3  | Found Hemulitt's Humungous Hoard.
 31620 | Snake:3  | Bought a potion of heal wounds for 85 gold pieces
 32202 | Snake:3  | Found Ririsepp's Jewellery Shop.
 32232 | Snake:3  | Bought the ring of the Disturbing Ships {rElec rPois Str-3 Int+2 SInv} for 541 gold pieces
 32260 | Snake:3  | Received a gift from Okawaru
 32288 | Snake:3  | Reached skill level 17 in Unarmed Combat
 32299 | Snake:3  | Reached XP level 18. HP: 134/176 MP: 23/23
 32627 | Snake:4  | Entered Level 4 of the Snake Pit
 32905 | Snake:4  | Reached skill level 11 in Fighting
 33093 | Snake:4  | Received a gift from Okawaru
 33354 | Snake:4  | Found Riji's Weapon Boutique.
 33356 | Snake:4  | Found Muduwk's Jewellery Shop.
 33356 | Snake:4  | Found Ciesol's Book Boutique.
 33360 | Snake:4  | Found Rycasos's Armour Shop.
 33886 | Snake:4  | Reached skill level 12 in Fighting
 33886 | Snake:4  | Reached skill level 12 in Shields
 33886 | Snake:4  | Reached skill level 18 in Unarmed Combat
 34137 | Snake:4  | Got a serpentine rune of Zot
 34537 | Swamp:4  | Received a gift from Okawaru
 35057 | Swamp:4  | Received a gift from Okawaru
 35561 | Swamp:4  | Reached XP level 19. HP: 181/192 MP: 24/24
 35804 | Swamp:4  | Got a decaying rune of Zot
 35932 | Swamp:4  | Noticed varam's illusion
 36247 | Swamp:4  | Noticed varam's illusion
 36266 | Swamp:4  | Killed Mara
 36266 | Swamp:4  | Reached skill level 13 in Fighting
 36986 | Vaults:1 | Entered Level 1 of the Vaults
 37348 | Vaults:2 | Reached skill level 19 in Unarmed Combat
 37462 | Vaults:2 | Found Deot's Jewellery Boutique.
 37770 | Vaults:2 | Received a gift from Okawaru
 37813 | Vaults:2 | Noticed Aizul
 37857 | Vaults:2 | Killed Aizul
 38404 | Vaults:2 | Got a shimmering large shield
 38427 | Vaults:2 | Identified the cursed -7 large shield of Midsummer {Slay+2} (You found it on level 2 of the Vaults)
 38708 | Vaults:1 | Received a gift from Okawaru
 38708 | Vaults:1 | Reached skill level 13 in Shields
 40143 | Vaults:3 | Found a staircase to the Crypt.
 40148 | Vaults:3 | Received a gift from Okawaru
 40394 | Vaults:3 | Reached XP level 20. HP: 184/205 MP: 25/25
 40973 | Vaults:3 | Reached skill level 20 in Unarmed Combat
 41106 | Vaults:3 | Reached skill level 14 in Shields
 41557 | Vaults:3 | Noticed Xtahua
 41580 | Vaults:3 | Killed Xtahua
 41868 | Vaults:4 | Received a gift from Okawaru
 41891 | Vaults:4 | Reached skill level 15 in Shields
 41951 | Vaults:4 | Reached skill level 14 in Fighting
 42354 | Vaults:4 | Received a gift from Okawaru
 42522 | Vaults:4 | Reached skill level 15 in Fighting
 43049 | Vaults:4 | Reached XP level 21. HP: 219/219 MP: 26/26
 43863 | Depths:1 | Gained mutation: You are frail. (-10% HP) [mutagenic meat]
 43864 | Depths:1 | Gained mutation: You are partially covered in yellow scales. (AC +2) [mutagenic meat]
 43901 | Depths:1 | Found a one-way gate leading to the halls of Pandemonium.
 43928 | Depths:1 | Reached skill level 16 in Fighting
 44360 | Depths:2 | Received a gift from Okawaru
 44380 | Depths:2 | Got a translucent trident
 44381 | Depths:2 | Identified the +12 trident of the Tiger {pierce, rF- Str+4} (You found it on level 2 of the Depths)
 44483 | Depths:2 | Received a gift from Okawaru
 44535 | Depths:2 | Gained mutation: You have a beak for a mouth. [mutagenic meat]
 44537 | Depths:2 | Lost mutation: You are frail. (-10% HP) [mutagenic meat]
 44818 | Vaults:2 | Bought the ring "Oreetat" {rC+ rN+ Str+3 Int+2} for 640 gold pieces
 45183 | Depths:2 | Reached skill level 17 in Fighting
 45528 | Depths:2 | Found a roughly hewn altar of Beogh.
 45916 | Depths:2 | Gained mutation: You have sharp toenails. [potion of mutation]
 45916 | Depths:2 | Lost mutation: You have sharp toenails. [potion of mutation]
 45916 | Depths:2 | Gained mutation: You are extremely resistant to the effects of hostile enchantments. (MR+++) [potion of mutation]
 45931 | Depths:2 | Found an ancient bone altar of Kikubaaqudgha.
 46197 | Depths:2 | Received a gift from Okawaru
 46263 | Depths:2 | Found Tigaeh's Slaves and Accessories.
 46315 | Depths:2 | Found The Legendary Usuor's Legendary Smithy.
 46316 | Depths:2 | Found a one-way gate to the infinite horrors of the Abyss.
 46354 | Depths:2 | Found Jack's Jerk-a-riffic Jerky.
 46412 | Depths:2 | Found Kela's Miraculous Elixirs.
 46430 | Depths:2 | Reached skill level 18 in Fighting
 46821 | Depths:3 | Reached XP level 22. HP: 230/239 MP: 27/27
 47023 | Depths:3 | Found a portal to a secret trove of treasure.
 47175 | Depths:3 | Noticed slayr's ghost (adept DsAK)
 47203 | Depths:3 | Killed slayr's ghost
 47268 | Depths:3 | Noticed Jory
 47281 | Depths:3 | Killed Jory
 47302 | Depths:3 | Received a gift from Okawaru
 47859 | Depths:3 | Received a gift from Okawaru
 47859 | Depths:3 | Reached skill level 19 in Fighting
 48568 | Depths:4 | Reached skill level 7 in Throwing
 48906 | Depths:4 | Noticed Margery
 48932 | Depths:4 | Killed Margery
 49191 | Depths:4 | Reached skill level 8 in Throwing
 49508 | Depths:4 | Found a gateway to a ziggurat.
 49557 | Depths:4 | Got a bloodstained cloak
 49563 | Depths:4 | Identified the +2 cloak "Idiyn" {*Drain rC+ rN+ Dex+2} (You found it on level 4 of the Depths)
 49579 | Depths:5 | Entered Level 5 of the Depths
 49608 | Depths:4 | Received a gift from Okawaru
 49952 | D:7      | Bought a book of Minor Magic for 200 gold pieces
 49952 | D:7      | Bought a book of Battle for 400 gold pieces
 49955 | D:7      | Learned a level 2 spell: Song of Slaying
 49958 | D:7      | Learned a level 2 spell: Blink
 49961 | D:7      | Learned a level 2 spell: Shroud of Golubria
 50423 | Depths:5 | Reached skill level 1 in Charms
 50601 | Depths:5 | Reached XP level 23. HP: 254/254 MP: 28/28
 51077 | Depths:5 | Reached skill level 2 in Charms
 51095 | Depths:5 | Reached skill level 6 in Translocations
 51142 | Depths:5 | Reached skill level 20 in Fighting
 51340 | Depths:5 | Found a gate to the Realm of Zot.
 51817 | Vaults:4 | Received a gift from Okawaru
 51828 | Vaults:5 | Entered Level 5 of the Vaults
 51837 | Vaults:5 | Noticed an ancient lich
 51842 | Vaults:5 | Received a gift from Okawaru
 51845 | Vaults:5 | Reached skill level 3 in Charms
 51850 | Vaults:4 | Received a gift from Okawaru
 52002 | Vaults:5 | Killed an ancient lich
 52010 | Vaults:5 | Found Imoacuf's Assorted Antiques.
 52045 | Vaults:5 | Reached skill level 12 in Armour
 52092 | Vaults:5 | Reached skill level 7 in Translocations
 52441 | Vaults:5 | Reached skill level 4 in Charms
 52513 | Vaults:5 | Noticed an ancient lich
 52540 | Vaults:5 | Killed an ancient lich
 52540 | Vaults:5 | Reached XP level 24. HP: 186/265 MP: 14/28
 52703 | Vaults:5 | Received a gift from Okawaru
 52858 | Vaults:5 | Reached skill level 16 in Shields
 52867 | Vaults:5 | Noticed a juggernaut
 52867 | Vaults:5 | a hellephant changed into a juggernaut
 52871 | Vaults:5 | a juggernaut changed into a titan
 52888 | Vaults:5 | Reached skill level 5 in Charms
 52891 | Vaults:5 | Received a gift from Okawaru
 52891 | Vaults:5 | Reached skill level 8 in Translocations
 53018 | Vaults:5 | Got a silver rune of Zot
 53932 | Vaults:5 | Reached skill level 13 in Armour
 53948 | Vaults:5 | Learned a level 2 spell: Passwall
 53950 | Vaults:5 | Identified the Volume of the Glacial Voyage
 53956 | Vaults:5 | Learned a level 4 spell: Passage of Golubria
 53973 | Vaults:5 | Learned a level 1 spell: Apportation
 54925 | Elf:1    | Entered Level 1 of the Elven Halls
 55262 | Elf:1    | Reached skill level 6 in Charms
 55815 | Elf:1    | Reached skill level 9 in Translocations
 55946 | Elf:2    | Found Nofi's Magic Scroll Boutique.
 55952 | Elf:2    | Bought a scroll of identify for 26 gold pieces
 55952 | Elf:2    | Bought a scroll of identify for 26 gold pieces
 55952 | Elf:2    | Bought a scroll of blinking for 97 gold pieces
 55952 | Elf:2    | Bought a scroll of identify for 26 gold pieces
 55967 | Elf:2    | Noticed syranez's ghost (adept DrBe)
 55991 | Elf:2    | Killed syranez's ghost
 55991 | Elf:2    | Received a gift from Okawaru
 56004 | Elf:2    | Got a faintly glowing robe {god gift}
 56024 | Elf:2    | Identified the +1 robe "Okluxka" {Str+4 Dex+5} (Okawaru gifted it to you on level 2 of the Elven Halls)
 56078 | Elf:2    | Found Ynan's Jewellery Shoppe.
 56238 | Elf:2    | Found Jokkup's Jewellery Boutique.
 56334 | Elf:2    | Found a huge runed gate.
 56334 | Elf:2    | Found a huge runed gate.
 56334 | Elf:2    | Found a huge runed gate.
 56334 | Elf:2    | Found a huge runed gate.
 56335 | Elf:2    | Found a huge runed gate.
 56372 | Elf:2    | Found an ancient bone altar of Kikubaaqudgha.
 56802 | Elf:3    | Entered Level 3 of the Elven Halls
 56845 | Elf:3    | Found a deep blue altar of Sif Muna.
 57030 | Elf:3    | Reached XP level 25. HP: 252/274 MP: 19/28
 57053 | Elf:3    | Reached skill level 7 in Charms
 57653 | Elf:3    | Received a gift from Okawaru
 58210 | Elf:3    | Got a vibrating silver amulet
 58215 | Elf:3    | Got a smoking jade amulet
 58272 | Elf:3    | Got a scintillating silver ring
 58301 | Elf:3    | Identified the Disquisition on the Compass
 58307 | Elf:3    | Learned a level 3 spell: Lesser Beckoning
 58308 | Elf:3    | Identified the ring of Scepticism {MR+ Stlth+} (You took it off a deep elf annihilator on level 3 of the Elven Halls)
 58310 | Elf:3    | Identified the amulet of Incredulity {Spirit rPois rF- Str-3 Int+6} (You took it off a deep elf death mage on level 3 of the Elven Halls)
 58312 | Elf:3    | Identified the amulet of Nemuc {Harm *Drain Int+3} (You took it off a deep elf high priest on level 3 of the Elven Halls)
 58730 | Slime:1  | Entered Level 1 of the Pits of Slime
 58737 | Slime:1  | Gained mutation: Your spells are a little easier to cast, but a little less powerful. [a shining eye]
 58740 | Slime:1  | Received a gift from Okawaru
 58766 | Slime:1  | Reached skill level 10 in Translocations
 58885 | Slime:1  | Reached skill level 14 in Armour
 58885 | Slime:1  | Reached skill level 17 in Shields
 59246 | Slime:1  | Received a gift from Okawaru
 59550 | Slime:2  | Received a gift from Okawaru
 60055 | Slime:4  | Gained mutation: Your magical capacity is low. (-10% MP) [a shining eye]
 60069 | Slime:4  | Reached skill level 8 in Charms
 60692 | Slime:2  | Gained mutation: Your body sometimes deteriorates upon taking damage. [a shining eye]
 61287 | Slime:5  | Entered Level 5 of the Pits of Slime
 61301 | Slime:5  | Gained mutation: You occasionally shout uncontrollably at your foes. [a shining eye]
 61302 | Slime:5  | Lost mutation: Your mind is acute. (Int +2) [a shining eye]
 61419 | Slime:5  | Noticed the Royal Jelly
 61431 | Slime:5  | Killed the Royal Jelly
 61431 | Slime:5  | Received a gift from Okawaru
 61561 | Slime:5  | Paralysed by a floating eye for 3 turns
 61568 | Slime:4  | Reached skill level 11 in Translocations
 61782 | Slime:5  | Gained mutation: Potions and wands are less effective at restoring your health. [a shining eye]
 61843 | Slime:5  | Reached XP level 26. HP: 205/283 MP: 19/25
 61860 | Slime:5  | Paralysed by a floating eye for 2 turns
 62289 | Slime:5  | Got a slimy rune of Zot
 62430 | Slime:4  | Reached skill level 1 in Earth Magic
 62917 | Depths:2 | Voluntarily entered the Abyss.
 63628 | Abyss:3  | Lost mutation: Potions and wands cannot restore your health. [potion of mutation]
 63628 | Abyss:3  | Lost mutation: Your magical capacity is low. (-10% MP) [potion of mutation]
 63631 | Abyss:3  | Found a corrupted altar of Lugonu.
 63716 | Abyss:3  | Found a corrupted altar of Lugonu.
 63766 | Abyss:3  | Received a gift from Okawaru
 63841 | Abyss:3  | Reached skill level 21 in Unarmed Combat
 63849 | Abyss:3  | Paralysed by accursed screaming for 1 turns
 64116 | Abyss:4  | Found a corrupted altar of Lugonu.
 64151 | Abyss:4  | Received a gift from Okawaru
 64188 | Abyss:4  | Got a pitted hand crossbow {god gift}
 64211 | Abyss:4  | Found a corrupted altar of Lugonu.
 64293 | Abyss:4  | Paralysed by accursed screaming for 2 turns
 64646 | Abyss:4  | Reached skill level 22 in Unarmed Combat
 64664 | Abyss:5  | Entered Level 5 of the Abyss
 64664 | Abyss:5  | Found a corrupted altar of Lugonu.
 64775 | Depths:2 | Escaped the Abyss
 65104 | Temple   | Fell from the grace of Okawaru
 65104 | Temple   | Became a worshipper of Zin the Law-Giver
 65104 | Temple   | Reached * piety under Zin
 65104 | Temple   | Reached ** piety under Zin
 65105 | Temple   | Donated 3108 gold pieces to Zin
 65133 | D:6      | Reached *** piety under Zin
 65230 | D:11     | Reached **** piety under Zin
 65339 | D:15     | Reached ***** piety under Zin
 65418 | Depths:2 | Voluntarily entered the Abyss.
 65473 | Abyss:1  | Noticed an ancient lich
 65493 | Abyss:1  | Killed an ancient lich
 65527 | Abyss:1  | Reached ****** piety under Zin
 65688 | Abyss:1  | Found a corrupted altar of Lugonu.
 65796 | Abyss:1  | Found a corrupted altar of Lugonu.
 65893 | Depths:2 | Escaped the Abyss
 65894 | Depths:2 | Upgraded the game from 0.19.0 to 0.19.0-1-g5985abe
 65895 | Depths:2 | Voluntarily entered the Abyss.
 65896 | Abyss:1  | Found a corrupted altar of Lugonu.
 65939 | Abyss:2  | Found a corrupted altar of Lugonu.
 66071 | Abyss:2  | Found a corrupted altar of Lugonu.
 66220 | Depths:2 | Escaped the Abyss
 66412 | Depths:4 | Reached skill level 23 in Unarmed Combat
 66442 | Depths:4 | Reached XP level 27. HP: 285/291 MP: 28/28
 66539 | Zot:1    | Entered Level 1 of the Realm of Zot
 66856 | Zot:1    | Reached skill level 9 in Throwing
 67142 | Zot:2    | Received a gift from Zin
 67142 | Zot:2    | Lost mutation: You have a beak for a mouth. [Zin's power]
 67142 | Zot:2    | Lost mutation: You are partially covered in yellow scales. (AC +2) [Zin's power]
 67142 | Zot:2    | Lost mutation: Your body sometimes deteriorates upon taking damage. [Zin's power]
 67142 | Zot:2    | Lost mutation: You are extremely resistant to the effects of hostile enchantments. (MR+++) [Zin's power]
 67142 | Zot:2    | Lost mutation: You are highly resistant to hostile enchantments. (MR++) [Zin's power]
 67142 | Zot:2    | Lost mutation: You are resistant to hostile enchantments. (MR+) [Zin's power]
 67142 | Zot:2    | Lost mutation: You occasionally shout uncontrollably at your foes. [Zin's power]
 67142 | Zot:2    | Lost mutation: Your muscles are strong. (Str +2) [Zin's power]
 67142 | Zot:2    | Lost mutation: Your spells are a little easier to cast, but a little less powerful. [Zin's power]
 67706 | Zot:2    | Reached skill level 9 in Invocations
 67842 | Zot:2    | Reached skill level 10 in Throwing
 69062 | Depths:2 | Voluntarily entered the Abyss.
 69064 | Abyss:1  | Got a heavily jewelled robe
 69068 | Abyss:1  | Found a corrupted altar of Lugonu.
 69354 | Abyss:1  | Reached skill level 18 in Shields
 69441 | Abyss:1  | Identified the +10 hand crossbow of Harmony {elec, +Fly Stlth+} (Okawaru gifted it to you on level 4 of the Abyss)
 69512 | Abyss:1  | Reached skill level 15 in Armour
 69823 | Abyss:1  | Found a deep blue altar of Sif Muna.
 70012 | Abyss:1  | Found a roughly hewn altar of Beogh.
 70713 | Abyss:3  | Reached skill level 10 in Invocations
 71026 | Abyss:3  | Found a corrupted altar of Lugonu.
 71377 | Abyss:3  | Paralysed by accursed screaming for 1 turns
 71422 | Abyss:3  | Reached skill level 11 in Invocations
 71506 | Abyss:3  | Paralysed by accursed screaming for 2 turns
 71517 | Abyss:3  | Paralysed by accursed screaming for 2 turns
 71552 | Abyss:3  | Reached skill level 16 in Armour
 71627 | Abyss:3  | Paralysed by accursed screaming for 1 turns
 71636 | Abyss:3  | Paralysed by accursed screaming for 1 turns
 71862 | Abyss:3  | Paralysed by accursed screaming for 1 turns
 72159 | Abyss:4  | Found a corrupted altar of Lugonu.
 72341 | Abyss:4  | Reached skill level 12 in Invocations
 72341 | Abyss:4  | Was forgiven by Okawaru
 72342 | Abyss:4  | Found a corrupted altar of Lugonu.
 73239 | Abyss:4  | Reached skill level 17 in Armour
 73283 | Abyss:4  | Reached skill level 13 in Invocations
 73458 | Abyss:4  | Paralysed by accursed screaming for 1 turns
 73504 | Abyss:4  | Paralysed by accursed screaming for 1 turns
 74194 | Abyss:4  | Reached skill level 14 in Invocations
 74594 | Depths:2 | Escaped the Abyss
 74615 | Depths:2 | Identified the +0 robe of the Slorg {rN++ MR+ Stlth-} (You found it on level 1 of the Abyss)
 74632 | Depths:2 | Got a pitted brass ring
 74633 | Depths:2 | Identified the ring "Saguulle" {MR+ SInv} (You acquired it on level 2 of the Depths)
 74665 | Depths:2 | Got a spiked animal skin
 74676 | Depths:2 | Identified the cursed +1 animal skin of Puas Awo {+Inv rElec Int-2 Dex+2} (You found it on level 2 of the Depths)
 74748 | Hell     | Entered the Vestibule of Hell
 74748 | Hell     | Noticed Geryon
 74756 | Hell     | Reached skill level 1 in Spellcasting
 75286 | Depths:2 | Reached skill level 2 in Spellcasting
 76032 | Hell     | Reached skill level 24 in Unarmed Combat
 76056 | Hell     | Noticed Murray
 76509 | Depths:2 | Killed Murray
 76743 | Hell     | Killed Geryon
 77189 | Hell     | Found a gateway to the Iron City of Dis.
 77260 | Hell     | Found a gateway to the ashen valley of Gehenna.
 77308 | Hell     | Found a gateway to the decaying netherworld of Tartarus.
 77375 | Hell     | Found a gateway to the freezing wastes of Cocytus.
 77692 | Pan      | Entered Pandemonium
 77846 | Pan      | Found an exit through the horrors of the Abyss.
 78087 | Pan      | Found an exit through the horrors of the Abyss.
 78869 | Pan      | Noticed Xuesim the pandemonium lord
 78891 | Pan      | Killed Xuesim the pandemonium lord
 78891 | Pan      | Reached skill level 25 in Unarmed Combat
 79071 | Pan      | Got a demonic rune of Zot
 79363 | Pan      | Found an exit through the horrors of the Abyss.
 79751 | Pan      | Noticed Xeughyozag the pandemonium lord
 79793 | Pan      | Killed Xeughyozag the pandemonium lord
 80106 | Pan      | Noticed Leodioh the pandemonium lord
 80124 | Pan      | Killed Leodioh the pandemonium lord
 80600 | Pan      | Reached skill level 26 in Unarmed Combat
 80630 | Pan      | Reached skill level 15 in Invocations
 80874 | Pan      | Found an exit through the horrors of the Abyss.
 81166 | Pan      | Found an exit through the horrors of the Abyss.
 81213 | Pan      | Reached skill level 6 in Evocations
 81508 | Pan      | Got a brightly glowing copper amulet
 81516 | Pan      | Identified the amulet "Fin Ceon" {Faith rElec Dex+7} (You found it in Pandemonium)
 81538 | Pan      | Got a warped crystal amulet
 81688 | Pan      | Reached skill level 7 in Evocations
 82061 | Depths:1 | Escaped Pandemonium
 82211 | Depths:3 | You paid a toll of 21 scrolls of identify to enter a treasure trove
 82212 | Trove    | Entered a treasure trove
 82228 | Trove    | Got a transparent turquoise ring
 82231 | Trove    | Got a scorched golden ring
 82233 | Trove    | Got a fine lead ring
 82235 | Trove    | Got a bound jade ring
 82237 | Trove    | Got a heavily runed iron ring
 82239 | Trove    | Got a smoking bone ring
 82242 | Trove    | Got a faintly glowing ivory ring
 82256 | Trove    | Identified the ring "Tymivup" {rElec Stlth+} (You found it in a treasure trove)
 82258 | Trove    | Identified the ring "Apoci" {MR+ Dex+6 SInv Stlth+} (You found it in a treasure trove)
 82260 | Trove    | Identified the ring of Makhleb's Benevolence {rF+ Int+2 Stlth+} (You found it in a treasure trove)
 82262 | Trove    | Identified the ring of Emale {rElec rPois rF+++ Int+4 Dex-2} (You found it in a treasure trove)
 82264 | Trove    | Identified the ring of Spring {+Fly Int+2 Dex+7} (You found it in a treasure trove)
 82266 | Trove    | Identified the ring "Hog Vuox" {rPois MR+} (You found it in a treasure trove)
 82268 | Trove    | Identified the cursed ring "Onninapn" {rN+ MR+ AC-3 Int+4} (You found it in a treasure trove)
 82279 | Trove    | Got a brightly glowing turquoise ring
 82281 | Trove    | Got a scorched steel ring
 82284 | Trove    | Got a faintly glowing jade ring
 82286 | Trove    | Identified the ring of Freedom {Wiz Str+4} (You found it in a treasure trove)
 82288 | Trove    | Identified the ring of Muaqi {Dex+6 SInv} (You found it in a treasure trove)
 82290 | Trove    | Identified the ring "Ehaacvekk" {+Inv rN+ MR+ Int-3 Stlth+} (You found it in a treasure trove)
 82345 | Depths:1 | Identified the amulet "Vyfoely" {Inacc rElec MR+} (You found it in Pandemonium)
 82489 | Pan      | Entered Pandemonium
 82678 | Pan      | Found an exit through the horrors of the Abyss.
 82781 | Pan      | Reached skill level 8 in Evocations
 82816 | Pan      | Reached skill level 16 in Invocations
 82830 | Pan      | HP: 23/291 [Hell Sentinel (39)]
 82831 | Pan      | HP: 11/291 [hellwing (4)]
 82831 | Pan      | HP: 1/291 [Hell Sentinel (10)]
 82831 | Pan      | Slain by a Hell Sentinel

Skill      XL: |  1  2  3  4  5  6  7  8  9 10 11 12 13 14 15 16 17 18 19 20 21 22 23 24 25 26 27 |
---------------+----------------------------------------------------------------------------------+-----
Unarmed Combat | 3 4 5 7 8 9 11 12 13 14 15 17 18 19 20 23 26 | 26.0
Shields        | 3 4 6 7 8 9 10 11 12 13 15 16 17 18 | 18.0
Throwing       | 1 3 6 8 10 | 10.1
Fighting       | 4 5 6 7 8 9 10 12 13 15 18 19 20 | 20.2
Armour         | 1 4 7 9 10 11 12 13 14 17 | 17.4
Invocations    | 1 4 6 7 8 16 | 16.0
Dodging        | 3 7 9 |  9.8
Evocations     | 5 8 |  8.3
Translocations | 2 5 7 9 11 | 11.2
Charms         | 1 4 6 8 |  8.9
Earth Magic    | 1 |  1.2
Spellcasting   | 2 |  2.7

Action                   |  1- 3 |  4- 6 |  7- 9 | 10-12 | 13-15 | 16-18 | 19-21 | 22-24 | 25-27 || total
-------------------------+-------+-------+-------+-------+-------+-------+-------+-------+-------++-------
Melee: Unarmed           |   112 |   224 |   293 |   754 |  1216 |  1538 |  1756 |  1377 |  4843 || 12113
       Headbutt          |       |       |    17 |    74 |       |       |       |       |       ||    91
       Punch             |       |       |       |       |       |       |     2 |       |       ||     2
       Peck              |       |       |       |       |       |       |   122 |   493 |   647 ||  1262
Throw: Tomahawk          |       |       |       |     8 |    97 |   134 |    24 |       |       ||   263
       Javelin           |       |       |       |     1 |    48 |     5 |       |       |    31 ||    85
       Large rock        |       |       |       |       |     9 |    77 |    11 |    28 |    60 ||   185
       Throwing net      |       |       |       |       |     1 |       |       |       |       ||     1
 Cast: Portal Projectile |       |       |       |       |       |     1 |       |     4 |     9 ||    14
       Song of Slaying   |       |       |       |       |       |       |       |     5 |    16 ||    21
       Shroud of Golubri |       |       |       |       |       |       |       |     1 |     4 ||     5
       Blink             |       |       |       |       |       |       |       |       |     6 ||     6
       Passage of Golubr |       |       |       |       |       |       |       |       |     2 ||     2
Invok: Heroism           |       |       |     3 |    10 |    27 |    33 |    15 |    16 |    13 ||   117
       Finesse           |       |       |       |       |     3 |     7 |     4 |     5 |     3 ||    22
       Recite            |       |       |       |       |       |       |       |       |    18 ||    18
       Sanctuary         |       |       |       |       |       |       |       |       |     3 ||     3
       Donate Gold       |       |       |       |       |       |       |       |       |     1 ||     1
       Vitalisation      |       |       |       |       |       |       |       |       |     3 ||     3
       Cure All Mutation |       |       |       |       |       |       |       |       |     1 ||     1
 Abil: Evoke Flight      |       |       |       |       |     1 |       |       |       |       ||     1
       Evoke Blink       |       |       |       |       |       |     5 |     2 |       |       ||     7
       Evoke Berserk Rag |       |       |       |       |       |       |     7 |     5 |     5 ||    17
Evoke: Phial of floods   |       |       |       |       |     2 |       |       |     2 |     3 ||     7
       Wand              |       |       |       |       |     3 |     9 |     1 |     2 |    22 ||    37
       Lamp of fire      |       |       |       |       |       |       |       |     3 |     2 ||     5
       Fan of gales      |       |       |       |       |       |       |       |     1 |     5 ||     6
       Sack of spiders   |       |       |       |       |       |       |       |     1 |       ||     1
  Use: Scroll            |       |     6 |       |    16 |    13 |    10 |    12 |     6 |    17 ||    80
       Potion            |       |       |     1 |     2 |       |     3 |     1 |     4 |    15 ||    26
 Stab: Petrified         |       |       |       |       |     5 |       |       |       |     2 ||     7
       Confused          |       |       |       |       |       |     1 |       |       |     5 ||     6
       Distracted        |       |       |       |       |       |       |       |     1 |     1 ||     2
       Invisible         |       |       |       |       |       |       |       |       |     1 ||     1
  Eat: Chunk             |    17 |    16 |    38 |    69 |   100 |    79 |   118 |    97 |   105 ||   639
       Fruit             |       |       |       |       |     1 |       |       |       |    32 ||    33
       Bread ration      |       |       |       |       |       |     2 |       |       |     8 ||    10
       Royal jelly       |       |       |       |       |       |     1 |       |       |     2 ||     3
       Meat ration       |       |       |       |       |       |     2 |     1 |       |    10 ||    13
       Beef jerky        |       |       |       |       |       |     1 |       |       |     6 ||     7
       Pizza             |       |       |       |       |       |       |       |       |     2 ||     2
Armor: Robe              |     2 |       |       |       |       |       |       |       |       ||     2
       Pearl dragon scal |    32 |    79 |   100 |   251 |   548 |   428 |   416 |   317 |  1332 ||  3503
       Swamp dragon scal |       |       |       |       |       |   119 |       |       |       ||   119
Dodge: Dodged            |    22 |    37 |    54 |   123 |   346 |   589 |   445 |   341 |  1201 ||  3158
Block: Shield            |    48 |   151 |   212 |   578 |  1036 |  1377 |   277 |       |     1 ||  3680
       Reflection        |       |     2 |     4 |    24 |    14 |    90 |    85 |   121 |   140 ||   480
       Large shield      |       |       |       |       |       |       |  1148 |  1195 |  4448 ||  6791
